 Dungeon Crawl Stone Soup version 0.28-a0-1233-g92def6ad0a (webtiles) character file.

Game seed: 12534480977651303160

3579 Lekart the Cleaver (level 9, -7/78 HPs)
             Began as a Purple Draconian Chaos Knight on Dec 23, 2021.
             Was a Plaything of Xom.
             Mangled by a gargoyle (13 damage)
             ... on level 7 of the Dungeon.
             The game lasted 00:13:49 (7068 turns).

Lekart the Cleaver (Purple Draconian Chaos Knight)  Turns: 7068, Time: 00:13:50

Health: -7/78      AC:  9    Str: 13 (15) XL:     9   Next: 84%
Magic:  9/9        EV: 13    Int:  9 (12) God:    Xom [.*....]
Gold:   387        SH:  9    Dex: 14 (15) Spells: 8/8 levels left

rFire   . . .      SeeInvis +   m - +7 hand axe of Precise Incision {pain, *Rage rElec rC+ SInv}
rCold   + . .      Faith    .   d - +0 kite shield
rNeg    . . .      Spirit   .   (armour unavailable)
rPois   +          Reflect  .   (helmet restricted)
rElec   +          Harm     .   r - +0 cloak
rCorr   .          Rampage  .   f - +0 pair of gloves
Will    ++...      Rage     20% (no boots)
Stlth   +.........              (no amulet)
HPRegen 0.23/turn               l - ring of poison resistance
MPRegen 0.11/turn               (no ring)

@: about to teleport, flying
A: breathe power, AC +7, unfitting armour, cold-blooded, strong-willed 1,
passive freeze
a: Breathe Dispelling Energy, Renounce Religion


You were on level 7 of the Dungeon.
You worshipped Xom.
You were a plaything of Xom.
You visited 1 branch of the dungeon, and saw 7 of its levels.

You collected 387 gold pieces.

Inventory:

Hand Weapons
 a - a +0 hand axe of chaos
 e - a +1 vorpal war axe
 m - the +7 hand axe of Precise Incision (weapon) {pain, *Rage rElec rC+ SInv}
   (You found it on level 6 of the Dungeon)

   In the hands of one skilled in necromantic magic, it inflicts extra damage on
   living creatures.
   rC:        It protects you from cold.
   rElec:     It insulates you from electricity.
   SInv:      It lets you see invisible.
   *Rage:     It berserks you when you make melee attacks (+20% chance).
Armour
 d - a +0 kite shield (worn)
 f - a +0 pair of gloves (worn)
 r - a +0 cloak (worn)
Jewellery
 l - a ring of poison resistance (left hand)
Wands
 h - a wand of iceblast (3)
Scrolls
 g - 2 scrolls of amnesia
 j - a scroll of holy word
 n - a scroll of enchant weapon {unknown}
 o - 2 scrolls of identify
Potions
 b - 2 potions of attraction
 c - 4 potions of haste
 i - 5 potions of curing


   Skills:
 + Level 6.5 Fighting
 + Level 9.2 Axes
 + Level 7.2 Dodging
 + Level 5.1 Shields
 * Level 3.1 Necromancy
 + Level 1.6 Evocations


You had 8 spell levels left.
You didn't know any spells.
Your spell library contained the following spells:

 Spells                   Type           Power      Damage    Failure   Level
 Pain                     Necr           20%        1d5       38%         1
 Scorch                   Fire           0%         2d5       91%         2
 Dazzling Flash           Conj/Hex       0%         N/A       99%         3
 Flame Wave               Conj/Fire      0%         2d4       100%        4
 Iskenderun's Mystic Bla  Conj/Tloc      0%         2d3       100%        4
 Agony                    Necr           5%         N/A       100%        5
 Excruciating Wounds      Necr           2%         N/A       100%        5
 Starburst                Conj/Fire      0%         6d3       100%        6
 Summon Cactus Giant      Summ           0%         N/A       100%        6


Dungeon Overview and Level Annotations

Branches:
Dungeon (7/15)             Temple (0/1) D:5

Altars:
Cheibriados
Nemelex Xobeh
Qazlal
Sif Muna
Trog

Shops:
D:5 =

Annotations:
D:4 exclusion: downstairs
D:6 exclusion: downstairs


Innate Abilities, Weirdness & Mutations

You can breathe bolts of dispelling energy.
Your rich purple scales are hard. (AC +7)
You cannot fit into any form of body armour.
You are cold-blooded and may be slowed by cold attacks.
You are strong-willed. (Will+)
A frigid envelope surrounds you and freezes all who hurt you.


Message History

The phantom is almost destroyed.
You slash the phantom!
You destroy the phantom!
No target in view!
No target in view!
You feel yourself speed up.
You recover from your berserk rage.
A gargoyle comes into view. It is wielding a +3 vorpal morningstar.
A gargoyle is nearby!
A gargoyle is nearby!
A gargoyle is nearby!
The gargoyle hurls a stone arrow at you.
The stone arrow hits you!!
Xom makes a sudden noise!
You hear a flourish of trumpets!
You hear a shout!
The gargoyle hurls a stone arrow at you.
The stone arrow hits you!!
You are too injured to fight recklessly!
You are too injured to fight recklessly!
You are too injured to fight recklessly!
You are too injured to fight recklessly!
It was a potion of flight.
You feel very buoyant.
You fly up into the air.
The gargoyle hits you with a +3 vorpal morningstar!!
* * * LOW HITPOINT WARNING * * *
x2 The gargoyle is very cold.
The gargoyle is moderately damaged.
It was a potion of degeneration.
There was something very wrong with that liquid.
You feel weakened.
You feel dopey.
You feel clumsy.
The centaur unwields a +0 club.
The centaur wields a +0 shortbow.
The centaur shoots an arrow.
You block the arrow. You block the gargoyle's attack.
The centaur shoots an arrow.
The arrow closely misses you.
As you read the scroll of teleportation, it crumbles to dust.
You feel strangely unstable.
The gargoyle hits you with a +3 vorpal morningstar!
You die...
Xom laughs nastily!

..#.........#
..##.######.### ####
..##.# #.. ....
..##.###### #.#### .....
..##.#....#.#....# .....
...#.#.#....#....#......
..........# #....#......
##...#.##.###....9......
..........##....@......c
......######.#####.#'###
....>.....^..# #
...#.######..# ......#
#..# ####..# #..#
......#####..#
###.......#..# #
#.#........#


You could see a gargoyle and a centaur.

Vanquished Creatures
  A troll (D:7)
  A spriggan (D:5)
  6 yaks (D:5)
  3 vampire mosquitoes
  Edmund (D:4)
  An ice beast (D:7)
  A black bear (D:6)
  2 orc warriors
  An ogre (D:6)
  A phantom (D:7)
  2 scorpions
  A water moccasin skeleton (D:4)
  A howler monkey (D:7)
  2 centaur zombies
  3 orc priests
  3 hounds
  3 jellies
  A bullfrog skeleton (D:6)
  2 centaur skeletons (D:6)
  2 gnoll shamans
  Ijyb (D:3)
  3 iguanas
  7 orc wizards
  A hound skeleton (D:4)
  10 gnolls
  4 adders
  2 howler monkey skeletons
  3 ufetubi
  3 adder skeletons (D:4)
  A worm (D:2)
  3 dart slugs
  17 orcs
  2 bats (D:1)
  6 endoplasms
  5 giant cockroaches
  7 goblins
  6 hobgoblins
  3 jackals (D:1)
  5 kobolds
  4 quokkas
  4 ball pythons
  3 frilled lizards
  4 rats (D:3)
142 creatures vanquished.

Vanquished Creatures (collateral kills)
  An ogre (D:5)
1 creature vanquished.

Vanquished Creatures (others)
  A goblin (D:3)
  14 plants (D:3)
15 creatures vanquished.

Grand Total: 158 creatures vanquished

Notes
Turn   | Place    | Note
-------+----------+-------------------------------------------
     0 | D:1      | Lekart the Draconian Chaos Knight began the quest for the
                  | Orb.
     0 | D:1      | Reached XP level 1. HP: 19/19 MP: 1/1
   147 | D:1      | XOM: smoke on damage
   152 | D:1      | XOM is BORED!
   152 | D:1      | XOM: silly message
   348 | D:1      | XOM: swap monsters
   351 | D:1      | Reached XP level 2. HP: 23/26 MP: 2/2
   480 | D:1      | You fall into a shaft and drop 1 floor!
   489 | D:2      | XOM: noise
   630 | D:1      | XOM: 2-stop teleportation journey
   682 | D:1      | XOM: stat loss: -1 Int (11/12)
   708 | D:1      | XOM: swap monsters
   882 | D:1      | XOM: stat loss: -1 Dex (9/10)
   899 | D:1      | XOM is BORED!
   899 | D:1      | XOM: noise
   900 | D:1      | XOM: noise
  1013 | D:2      | Reached XP level 3. HP: 26/31 MP: 3/3
  1192 | D:2      | Found a faded altar of an unknown god.
  1364 | D:2      | XOM: 1-stop teleportation journey
  1682 | D:2      | XOM: give mutation
  1682 | D:2      | Gained mutation: You sometimes lose the ability to read
                  | scrolls when taking damage. [Xom's mischief]
  1736 | D:3      | XOM: give mutation
  1736 | D:3      | Gained mutation: A frigid envelope surrounds you and
                  | freezes all who hurt you. [Xom's grace]
  1848 | D:3      | Reached skill level 4 in Axes
  1871 | D:3      | Reached XP level 4. HP: 28/38 MP: 4/4
  1874 | D:3      | XOM: repel stairs
  1893 | D:3      | XOM: destruction
  1909 | D:3      | XOM: cast spell 'Alistair's Intoxication'
  1913 | D:3      | Reached skill level 1 in Shields
  2015 | D:3      | XOM: noise
  2259 | D:3      | XOM: butterfly on damage
  2266 | D:3      | Reached XP level 5. HP: 36/46 MP: 5/5
  2760 | D:3      | XOM: silly message
  2882 | D:3      | XOM: silly message
  2984 | D:3      | Noticed Ijyb
  2993 | D:3      | Killed Ijyb
  3021 | D:4      | XOM: smoke on damage
  3025 | D:4      | Reached skill level 5 in Axes
  3025 | D:4      | Reached XP level 6. HP: 42/52 MP: 6/6
  3027 | D:4      | XOM: silly message
  3203 | D:4      | Found a snail-covered altar of Cheibriados.
  3214 | D:4      | Noticed Edmund
  3221 | D:4      | Killed Edmund
  3307 | D:4      | XOM: cloud trail
  3425 | D:4      | Found a sparkling altar of Nemelex Xobeh.
  3452 | D:4      | Noticed an orc warrior
  3457 | D:4      | Killed an orc warrior
  3458 | D:4      | Your scales start taking on a rich purple colour.
  3458 | D:4      | Reached XP level 7. HP: 35/60 MP: 7/7
  3628 | D:4      | XOM: divination: detect items
  3785 | D:4      | Reached skill level 6 in Axes
  3954 | D:5      | Entered Level 5 of the Dungeon
  3962 | D:5      | Found a staircase to the Ecumenical Temple.
  4079 | D:5      | Noticed a yak
  4081 | D:5      | Noticed a yak
  4083 | D:5      | Noticed a yak
  4083 | D:5      | Noticed a yak
  4083 | D:5      | Noticed a yak
  4085 | D:5      | Noticed a yak
  4086 | D:5      | XOM: enchant monster (good)
  4091 | D:5      | Noticed a spriggan
  4091 | D:5      | a black bear changed into a spriggan
  4091 | D:5      | XOM: polymorph black bear -> spriggan
  4244 | D:5      | Found Zobur's Jewellery Boutique.
  4253 | D:5      | XOM: confusion
  4255 | D:5      | Killed a yak
  4256 | D:5      | Reached skill level 5 in Dodging
  4262 | D:5      | XOM: summons 2 hostile shadow creatures
  4266 | D:5      | XOM: silly message
  4268 | D:5      | XOM: noise
  4270 | D:5      | Killed a spriggan
  4271 | D:5      | Reached XP level 8. HP: 4/67 MP: 8/8
  4627 | D:5      | XOM: draining
  4643 | D:5      | Reached skill level 5 in Fighting
  4678 | D:5      | Reached skill level 7 in Axes
  4742 | D:5      | XOM: cast spell 'Necromutation'
  4764 | D:5      | XOM: confusion (+ monsters)
  4767 | D:5      | XOM: swap monsters
  5087 | D:5      | XOM: draining
  5181 | D:6      | XOM: stealth player
  5220 | D:6      | Reached skill level 8 in Axes
  5220 | D:6      | Reached XP level 9. HP: 65/69 MP: 9/9
  5283 | D:6      | Identified the +7 hand axe of Precise Incision {pain, *Rage
                  | rElec rC+ SInv}
  5350 | D:6      | Found a stormy altar of Qazlal.
  5351 | D:6      | Found a bloodstained altar of Trog.
  5352 | D:6      | Found a shimmering blue altar of Sif Muna.
  5408 | D:6      | Reached skill level 1 in Evocations
  5465 | D:6      | XOM: summons 5 hostile demons
  5466 | D:6      | Noticed a hellwing
  5466 | D:6      | Noticed a rust devil
  5473 | D:5      | XOM: confuse monster(s)
  5476 | D:5      | XOM: cast spell 'Disjunction'
  5681 | D:6      | Reached skill level 1 in Necromancy
  5813 | D:6      | XOM is BORED!
  6345 | D:6      | Lost mutation: You sometimes lose the ability to read
                  | scrolls when taking damage. [potion of mutation]
  6345 | D:6      | Gained mutation: You have a pair of small antennae on your
                  | head. [potion of mutation]
  6345 | D:6      | Lost mutation: You have a pair of small antennae on your
                  | head. [potion of mutation]
  6345 | D:6      | Gained mutation: You are strong-willed. (Will+) [potion of
                  | mutation]
  6363 | D:7      | Noticed a troll
  6721 | D:7      | Reached skill level 9 in Axes
  6769 | D:7      | XOM: enchant monster (bad)
  6937 | D:7      | Killed a troll
  6938 | D:7      | Reached skill level 5 in Shields
  6944 | D:7      | XOM: give mutations
  6944 | D:7      | Gained mutation: You are dopey. (Int -2) [Xom's mischief]
  6944 | D:7      | Lost mutation: You are dopey. (Int -2) [Xom's mischief]
  7061 | D:7      | Noticed a gargoyle
  7065 | D:7      | XOM: noise
  7068 | D:7      | Mangled by a gargoyle

Illustrated notes

Levels and vault maps discovered:
D:1:      wander_arrival_peaceful_grave, layout_loops_ring
D:2:      layout_basic, shapermc_ecumenical_altar_starsandcircs
D:3:      layout_loops_ring, serial_bayou_ford_a, hangedman_feature_mirror,
          uniq_ijyb
D:4:      layout_basic, overflow_temple_1_default, mainiacjoe_overflow_brackets,
          serial_corexii_hall, chequers_hall_statues_wall_a,
          chequers_hall_statues_wall_a, guppyfry_early_orc_mine, uniq_edmund
D:5:      layout_rooms, minmay_temple_entry_offerings, minivault_1,
          minmay_shop_enchanted_jewellery
D:6:      layout_gridville, gammafunk_temple_overflow_forgotten, minivault_10,
          hangedman_decor_clover_reticule
D:7:      minmay_blocky_corners, layout_basic, kennysheep_generic_room_3

Skill      XL: |  1  2  3  4  5  6  7  8  9 |
---------------+----------------------------+-----
Axes           | 4 5 6 8 9 |  9.2
Dodging        | 3 4 5 6 7 |  7.2
Shields        | 1 2 3 4 5 |  5.1
Fighting       | 4 5 6 |  6.5
Evocations     | 1 |  1.6
Necromancy     | 3 |  3.1

Action                   |  1- 3 |  4- 6 |  7- 9 || total
-------------------------+-------+-------+-------++-------
Melee: Hand axe          |    90 |     4 |   107 ||   201
       Tailslap          |    11 |     7 |    23 ||    41
       War axe           |       |    56 |    66 ||   122
 Abil: Breathe Dispellin |       |       |     2 ||     2
Evoke: Wand              |       |       |     6 ||     6
  Use: Scroll            |     4 |       |     5 ||     9
       Potion            |       |       |     4 ||     4
 Stab: Sleeping          |     1 |       |     1 ||     2
       Confused          |       |       |     1 ||     1
Armor: Skin              |    38 |    25 |    60 ||   123
Dodge: Dodged            |    47 |    35 |   118 ||   200
Block: Kite shield       |    27 |    36 |    86 ||   149

Table legend: (Time is in decaauts)
 A = Elapsed time spent in this place.
 B = Non-inter-level travel time spent in this place.
 C = Inter-level travel time spent in this place.
 D = Time resting spent in this place.
 E = Time spent auto-exploring this place.
 F = Levels seen in this place.
 G = Mean time per level.
                   A        B        C        D        E       F      G
               +--------+--------+--------+--------+--------+-----+--------+
         Total |   7277 |   6957 |    320 |   1795 |   3840 |   7 | 1039.6 |
       Dungeon |   7277 |   6957 |    320 |   1795 |   3840 |   7 | 1039.6 |
               +--------+--------+--------+--------+--------+-----+--------+

Top non-repeatable levels by time:
     D:4: 1420 daAuts
     D:3: 1309 daAuts
     D:6: 1284 daAuts
     D:5: 951 daAuts
     D:1: 925 daAuts
     D:2: 824 daAuts
     D:7: 560 daAuts
